 Dungeon Crawl Stone Soup version 0.31-a0-237-g2d982f9f85 (webtiles) character file.

Game seed: 6583762025685275536

381 arthad the Digger (level 6, -3/32 HPs)
             Began as a Gargoyle Earth Elementalist on July 11, 2023.
             Was a Follower of Sif Muna.
             Splashed by a jelly's acid (6 damage)
             ... on level 4 of the Dungeon.
             The game lasted 00:05:49 (2969 turns).

arthad the Digger (Gargoyle Earth Elementalist)     Turns: 2969, Time: 00:05:49

Health: -3/32      AC:  3    Str: 12    XL:     6   Next: 75%
Magic:  1/10       EV: 12    Int: 17    God:    Sif Muna [*.....]
Gold:   122        SH:  0    Dex: 10    Spells: 7/11 levels left

rFire   . . .        c - +2 dagger (venom)
rCold   . . .        (no shield)
rNeg    + . .        a - +0 robe
rPois   ∞            (no helmet)
rElec   +            (no cloak)
rCorr   .            e - +0 pair of gloves
SInv    .            (no boots)
Will    .....        (no amulet)
Stlth   ++           l - ring of flight
HPRegen 0.25/turn    (no ring)
MPRegen 0.12/turn

%: no passive effects
@: weak-willed, corroded, flying, very slightly contaminated
A: sickness immunity, AC +4, negative energy resistance 1, electricity
resistance, torment resistance 1, petrification resistance
a: Renounce Religion, Channel Magic


You were on level 4 of the Dungeon.
You worshipped Sif Muna.
Sif Muna was aware of your devotion.
You visited 1 branch of the dungeon, and saw 4 of its levels.

You collected 122 gold pieces.

Inventory:

Hand Weapons
 c - a +2 dagger of venom (weapon)
Armour
 a - a +0 robe (worn)
 e - a +0 pair of gloves (worn)
Jewellery
 l - a ring of flight (left hand)
 o - an amulet of guardian spirit
Scrolls
 i - a scroll of identify
 n - a scroll of silence {unknown}
Potions
 b - a potion of curing
 d - a potion of attraction {unknown}
 g - a potion of heal wounds {unknown}
 h - a potion of resistance {unknown}
 j - a potion of magic
 k - a potion of enlightenment {unknown}
 m - a potion of degeneration {unknown}
 p - a potion of invisibility {unknown}


   Skills:
 + Level 1.9 Armour
 + Level 2.2 Dodging
 + Level 3.3 Stealth
 * Level 3.3 Spellcasting
 * Level 2.3 Conjurations
 + Level 1.9 Transmutations
 * Level 5.3 Earth Magic


You had 7 spell levels left.
You knew the following spells:

 Your Spells              Type           Power      Damage    Failure   Level
a - Sandblast             Erth           42%        2d11      1%          1
b - Stone Arrow           Conj/Erth      30%        3d8       11%         3

Your spell library contained the following spells:

 Spells                   Type           Power      Damage    Failure   Level
 Passwall                 Tmut/Erth      12%        N/A       6%          2
 Scorch                   Fire           4%         2d5       26%         2
 Petrify                  Tmut/Erth      15%        N/A       36%         4
 Flame Wave               Conj/Fire      6%         2d5       71%         4
 Summon Cactus Giant      Summ           1%         N/A       100%        6


Dungeon Overview and Level Annotations

Branches:
Dungeon (4/15)
 Temple: D:4-7

Altars:
Dithmenos
Kikubaaqudgha
Ru
Sif Muna


Innate Abilities, Weirdness & Mutations

You are immune to sickness and miasma.
Your stone body is resilient. (AC +4)
You are immune to poison.
You resist negative energy. (rN+)
You are resistant to electric shocks. (rElec)
You are resistant to unholy torment.
You are immune to petrification.


Message History

Confirm with . or Enter, or press ? or * to list all spells.
Aiming: Sandblast (safe; 1% risk of failure)
Press: ? - help, Shift-Dir - straight line, f/p - black bear
Aim: a black bear (severely wounded, 87% to hit)
The blast of sand hits the black bear!
You kill the black bear!
Sif Muna accepts your kill.
Unknown command.
Casting: Sandblast (safe; 1% risk of failure)
Confirm with . or Enter, or press ? or * to list all spells.
Aiming: Sandblast (safe; 1% risk of failure)
Press: ? - help, Shift-Dir - straight line, f - jelly
Aim: a jelly (100% to hit)
You miscast Sandblast.
You are very lightly contaminated with residual magic.
Nothing appears to happen.
The jelly hits you. The acid corrodes you!
You are splashed with acid!
* * * LOW HITPOINT WARNING * * *
Unknown command.
As you read the scroll labelled ZAECLA YNKEOTS, it crumbles to dust.
Magic quickly surges around you.
It was a scroll of vulnerability.
The jelly misses you.
As you read the scroll labelled CAIGRON GAHELOX, it crumbles to dust.
It is a scroll of identify.
b - 2 potions of curing The jelly closely misses you.
You feel better. The jelly barely misses you.
Casting: Sandblast (safe; 1% risk of failure)
Confirm with . or Enter, or press ? or * to list all spells.
Aiming: Sandblast (safe; 1% risk of failure)
Press: ? - help, Shift-Dir - straight line, f/p - jelly
Aim: a jelly (weak-willed, 100% to hit)
The blast of sand hits the jelly.
The jelly is moderately wounded.
The jelly hits you.
You are splashed with acid!
* * * LOW HITPOINT WARNING * * *
The jelly hits you.
* * * LOW HITPOINT WARNING * * *
You are splashed with acid.
You die...

##### ########### .....
##.J..#....### ... .
##.@##...#....# .# .
##...##†....##.# .#.##.
.##......†##..##.####.#
.#....##.........#..##.......J..#
..........####.....#....#........
..........# #.....#....+..#.....
..........# #.....+....#..+.....
..........# #.....#....#..# ....
..........####.....######..# ....


You could see a jelly (weak-willed).

Vanquished Creatures
  A black bear (D:4)
  2 orc priests (D:3)
  An iguana (D:4)
  An orc wizard (D:4)
  8 adders
  3 dart slugs
  5 orcs
  9 endoplasms
  5 giant cockroaches
  9 hobgoblins
  8 jackals
  9 kobolds
  6 quokkas
  6 ball pythons
  5 bats
  3 frilled lizards
  9 goblins
  6 rats
96 creatures vanquished.

Notes
Turn   | Place    | Note
-------+----------+-------------------------------------------
     0 | D:1      | arthad the Gargoyle Earth Elementalist began the quest for
                  | the Orb.
     0 | D:1      | Reached XP level 1. HP: 10/10 MP: 3/3
    78 | D:1      | Reached XP level 2. HP: 10/15 MP: 0/5
   217 | D:1      | Reached skill level 1 in Transmutations
   338 | D:1      | Reached skill level 4 in Earth Magic
   407 | D:1      | Reached XP level 3. HP: 2/19 MP: 2/6
   987 | D:2      | Learned a level 3 spell: Stone Arrow
  1109 | D:2      | Reached XP level 4. HP: 24/24 MP: 5/7
  1269 | D:2      | Reached skill level 1 in Armour
  1394 | D:2      | Found a faded altar of an unknown god.
  1692 | D:3      | Reached skill level 1 in Conjurations
  1733 | D:3      | Reached XP level 5. HP: 28/28 MP: 4/9
  1778 | D:3      | Found a sacrificial altar of Ru.
  1830 | D:3      | Found an ancient bone altar of Kikubaaqudgha.
  2333 | D:3      | Found a shadowy altar of Dithmenos.
  2335 | D:3      | Found a shimmering blue altar of Sif Muna.
  2338 | D:3      | Became a worshipper of Sif Muna the Loreminder
  2589 | D:4      | Reached skill level 5 in Earth Magic
  2590 | D:4      | Reached XP level 6. HP: 19/32 MP: 5/10
  2942 | D:4      | Noticed a black bear
  2945 | D:4      | Reached * piety under Sif Muna
  2963 | D:4      | Killed a black bear
  2969 | D:4      | Splashed by a jelly's acid

Illustrated notes

Levels and vault maps discovered:
D:1:      dpeg_arrival_radiant, layout_rooms
D:2:      layout_loops_ring, hellmonk_ecumenical_altar_run_dry
D:3:      layout_basic, kiku_gazebo_pond_becter, overflow_temple_1_default,
          hangedman_ru_absence, lemuel_crystal_altar
D:4:      minmay_thinvault, layout_gridville,
          nicolae_hepliaklqana_monster_ancestors, grunt_ministairs_6,
          kennysheep_generic_room_6

Skill      XL: |  1  2  3  4  5  6 |
---------------+-------------------+-----
Transmutations | 1 |  1.9
Earth Magic    | 4 5 |  5.3
Armour         | 1 |  1.9
Dodging        | 2 |  2.2
Conjurations   | 1 2 |  2.3
Stealth        | 3 |  3.3
Spellcasting   | 3 |  3.3

Action                     |  1- 3 |  4- 6 || total
---------------------------+-------+-------++-------
  Melee: Unarmed           |    12 |       ||    12
         Dagger            |     6 |     4 ||    10
   Cast: Sandblast         |    47 |    87 ||   134
    Use: Potion            |     1 |     1 ||     2
         Scroll            |       |     2 ||     2
 Armour: Robe              |    16 |    21 ||    37
  Dodge: Dodged            |    26 |    48 ||    74

Table legend: (Time is in decaauts)
 A = Elapsed time spent in this place.
 B = Non-inter-level travel time spent in this place.
 C = Inter-level travel time spent in this place.
 D = Time resting spent in this place.
 E = Time spent auto-exploring this place.
 F = Levels seen in this place.
 G = Mean time per level.
                   A        B        C        D        E       F      G
               +--------+--------+--------+--------+--------+-----+--------+
         Total |   3034 |   2993 |     41 |     74 |   2422 |   4 |  758.5 |
       Dungeon |   3034 |   2993 |     41 |     74 |   2422 |   4 |  758.5 |
               +--------+--------+--------+--------+--------+-----+--------+

Top non-repeatable levels by time:
     D:1: 858 daAuts
     D:3: 836 daAuts
     D:2: 809 daAuts
     D:4: 529 daAuts
